 Dungeon Crawl Stone Soup version 0.30-a0-1043-g60ff8d5f49 (webtiles) character file.

Game seed: 6660294616389212420

37 hooliotoolio the Chopper (level 3, -1/33 HPs)
             Began as a Hill Orc Berserker on Apr 10, 2023.
             Was a Follower of Trog.
             Slain by a gnoll
             ... wielding a +0 whip
              (8 damage)
             ... on level 2 of the Dungeon.
             The game lasted 00:02:48 (695 turns).

hooliotoolio the Chopper (Hill Orc Berserker)        Turns: 695, Time: 00:02:49

Health: -1/33      AC:  3    Str: 21    XL:     3   Next: 41%
Magic:  3/3        EV: 12    Int:  7    God:    Trog [*.....]
Gold:   28         SH:  0    Dex: 10    Spells: 2/2 levels left

rFire   . . .      SeeInvis .    a - +0 hand axe
rCold   . . .      Faith    .    (no shield)
rNeg    . . .      Spirit   .    b - +0 animal skin
rPois   .          Reflect  .    (no helmet)
rElec   .          Rampage  .    (no cloak)
rCorr   .                        c - +0 pair of gloves
Will    .....                    (no boots)
Stlth   +                        (no amulet)
HPRegen 0.25/turn                (no ring)
MPRegen 0.08/turn                (no ring)

@: no status effects
A: no striking features
a: Renounce Religion, Berserk


You were on level 2 of the Dungeon.
You worshipped Trog.
Trog was aware of your devotion.
You visited 1 branch of the dungeon, and saw 2 of its levels.

You collected 28 gold pieces.

Inventory:

Hand Weapons
 a - a +0 hand axe (weapon)
Armour
 b - a +0 animal skin (worn)
 c - a +0 pair of gloves (worn)
Scrolls
 d - a scroll of fog {unknown}
Potions
 e - 2 potions of ambrosia {unknown}
 f - a potion of lignification {unknown}


   Skills:
 + Level 4.0 Fighting
 + Level 4.9 Axes
 + Level 2.3 Armour
 + Level 2.0 Dodging


You had 2 spell levels left.
You didn't know any spells.
Your spell library was empty.

Dungeon Overview and Level Annotations

Branches:
Dungeon (2/15)

Altars:

Shops:
D:1 *


Message History

You see here an adder corpse.
You see here a bat corpse.
You see here an adder corpse.
You see here a bat corpse.
A gnoll comes into view. It is wielding a +0 spear.
The gnoll shouts!
You hear a shout!
The gnoll moves out of view.
A gnoll comes into view. It is wielding a +0 whip.
The gnoll shouts!
A gnoll comes into view. It is wielding a +0 halberd.
There are monsters nearby!
There are monsters nearby!
You see here a bat corpse.
You see here an adder corpse.
You start resting.
A gnoll is nearby!
Found a stone staircase leading down.
A giant cockroach comes into view.
Found a scroll labelled FEICVU SOASCHIC.
The giant cockroach waves its antennae.
A gnoll breaks down the door.
The gnoll hits you from afar with a +0 spear!
* * * LOW HITPOINT WARNING * * *
The giant cockroach barely misses you.
The giant cockroach bites you but does no damage.
You hit the giant cockroach but do no damage.
You hit the gnoll.
The giant cockroach bites you but does no damage.
The gnoll barely misses you. The gnoll closely misses you.
The giant cockroach bites you.
* * * LOW HITPOINT WARNING * * *
You closely miss the gnoll.
You hit the giant cockroach but do no damage.
The giant cockroach bites you but does no damage.
The gnoll hits you with a +0 whip.
* * * LOW HITPOINT WARNING * * *
The gnoll misses you.
You hit the gnoll but do no damage. You barely miss the giant cockroach.
The giant cockroach misses you. The gnoll hits you with a +0 whip!
You die...

#######.#
.#.##
.#...#.##.....
....>........
#. ........#
#.##......
#.......# #
#.......####..
#.#.gB@.......
#.#..#g.......
#....'........
###..#........
#....#........
#.##g#........
#. #.#.?......
#. #.#........
#. #.#.......#


You could see 2 gnolls and a giant cockroach.

Vanquished Creatures
  An adder (D:2)
  A dart slug (D:1)
  4 ball pythons (D:1)
  2 bats
  An endoplasm (D:1)
  2 giant cockroaches (D:1)
  2 hobgoblins (D:1)
  A kobold (D:1)
  3 quokkas (D:1)
  A frilled lizard (D:1)
  6 rats (D:1)
24 creatures vanquished.

Notes
Turn   | Place    | Note
-------+----------+-------------------------------------------
     0 | D:1      | hooliotoolio the Hill Orc Berserker began the quest for the
                  | Orb.
     0 | D:1      | Reached XP level 1. HP: 19/19 MP: 1/1
   162 | D:1      | Reached XP level 2. HP: 23/27 MP: 2/2
   314 | D:1      | Found Peonir's Assorted Antiques.
   616 | D:1      | Reached XP level 3. HP: 32/33 MP: 3/3
   695 | D:2      | Slain by a gnoll

Illustrated notes

Levels and vault maps discovered:
D:1:      lemuel_arrival_funnel, layout_basic, serial_shops, shop
D:2:      layout_basic, uniq_robin

Skill      XL: |  1  2  3 |
---------------+----------+-----
Dodging        | 2 |  2.0
Fighting       | 4 |  4.0
Axes           | |  4.9
Armour         | |  2.3

Action                     || total
---------------------------++-------
  Melee: Hand axe          ||    76
    Use: Scroll            ||     1
 Armour: Animal skin       ||    14
  Dodge: Dodged            ||    51

Table legend: (Time is in decaauts)
 A = Elapsed time spent in this place.
 B = Non-inter-level travel time spent in this place.
 C = Inter-level travel time spent in this place.
 D = Time resting spent in this place.
 E = Time spent auto-exploring this place.
 F = Levels seen in this place.
 G = Mean time per level.
                   A        B        C        D        E       F      G
               +--------+--------+--------+--------+--------+-----+--------+
         Total |    701 |    701 |      0 |      2 |    202 |   2 |  350.5 |
       Dungeon |    701 |    701 |      0 |      2 |    202 |   2 |  350.5 |
               +--------+--------+--------+--------+--------+-----+--------+

Top non-repeatable levels by time:
     D:1: 654 daAuts
     D:2: 46 daAuts
